Finally got one of my first wins!

Match 23363745
End
Selects Armored Battlegroup
Selects Assault Engineers
Assault Engineer Squad
Construct Barracks
Riflemen Squad
Grenade Package
Construct Weapon Support Center
Riflemen Squad
M1919 Machine Gun Team
Construct Medical Station
Selects Strength in Steel
Mechanized Support Center
Riflemen Squad
M1918 Browning Automatic Rifles
Selects M8 Scott SPG
M8 Scott SPG
Selects UNKNOWN (2160077)
Riflemen Squad
Selects Field Repairs
Construct Tank Depot
Riflemen Squad
M4A3E8 Sherman Easy Eight
Riflemen Squad
Riflemen Squad
Riflemen Squad
Selects War Machine
M4A3E8 Sherman Easy Eight
M8 Scott SPG
Riflemen Squad
M4A3E8 Sherman Easy Eight
M4A3E8 Sherman Easy Eight
Riflemen Squad
M3 Armored Personnel Carrier
M4A3E8 Sherman Easy Eight
Designate Forward Repair Station
Riflemen Squad
Riflemen Squad
jakedmaster
Eith
plau
Servo_Fan
The King In Yellow
Yardelsb
0
0

Comments sign in to comment!

No comments posted yet!